 Dungeon Sprint DCSS version 0.31-a0-691-g409c26aa35 (webtiles) character file.

Game seed: 11307556639079606228

1617 Midn8 the Brawler (level 8, -5/62 HPs)
             Began as a Gargoyle Monk on Sept 6, 2023.
             Was an Initiate of Ru.
             Slain by a polar bear (9 damage)
             ... in the Dungeon (Sprint II: "The Violet Keep of Menkaure").
             The game lasted 00:03:25 (307 turns).

Midn8 the Brawler (Gargoyle Monk)                    Turns: 307, Time: 00:03:26

Health: -5/62      AC: 16    Str: 15    XL:     8   Next: 96%
Magic:  8/8        EV:  7    Int: 14    God:    Ru [......]
Gold:   519        SH:  0    Dex: 11    Spells: 7/7 levels left

rFire   + .          .
                       - Unarmed
rCold   . . .        c - orb {light}
rNeg    + . .        f - +3 chain mail {rF+}
rPois   ∞            (no helmet)
rElec   +            (no cloak)
rCorr   .            (no gloves)
SInv    .            (no boots)
Will    .....        (no amulet) Stlth
                     (no ring)
HPRegen 0.30/turn    (no ring)
MPRegen 0.11/turn

%: no teleportation
@: glowing, very slow
A: sickness immunity, AC +5, negative energy resistance 1, electricity
resistance, torment resistance 1, petrification resistance, no forms, clever 1,
clumsy 1
a: Renounce Religion


You were in the Dungeon.
You worshipped Ru.
Ru was noncommittal.
You visited 1 branch You collected 729 gold pieces.
You spent 210 gold pieces at shops.

Inventory:

Armour
 a - a +0 robe
 c - an orb of light (worn)
 f - a +3 chain mail of fire resistance (worn)
Scrolls
 i - a scroll of blinking
Potions
 b - a potion of ambrosia
 d - a potion of curing
 e - a potion of heal wounds
 g - 2 potions of magic


   Skills:
 + Level 12.8 Fighting
 - Level 2.4 Dodging
 + Level 15.8 Unarmed Combat


You had 7 spell levels left.
You didn't know any spells.
Your spell library was empty.

Dungeon Overview and Level Annotations

Branches:
Dungeon (1/1)

Altars:
Cheibriados
Dithmenos
Elyvilon
Fedhas
Gozag
Hepliaklqana
Kikubaaqudgha
Makhleb
Nemelex Xobeh
Okawaru
Qazlal
Ru
Sif Muna
Trog
Uskayaw
Vehumet
Wu Jian
Xom
Yredelemnul
Zin
The Shining One
Jiyva
Lugonu

Shops:
D ::?(==((=[!*[[!

Annotations:
D exclusion: oklob plant


Innate Abilities, Weirdness & Mutations

You are immune to sickness and miasma.
Your stone body is resilient. (AC +5)
You are immune to poison.
You resist negative energy. (rN+)
You are resistant to electric shocks. (rElec)
You are resistant to unholy torment.
You are immune to petrification.
You cannot voluntarily change form.
Your mind is acute. (Int +4, Str/Dex -1)
You are clumsy. (Dex -2)


Message History

The water moccasin bites you.
A yaktaur comes into view.
You hit the water moccasin but do no damage.
The water moccasin is almost dead.
The water moccasin bites you.
You hit the water moccasin.
The water moccasin is almost dead.
The water moccasin bites you.
You pummel the water moccasin!!
You kill the water moccasin!
You punch the polar bear!
The polar bear is moderately wounded.
Your unstable footing causes you to fumble your attack.
The polar bear bites you!
The polar bear claws you but does no damage. x2
You pummel the polar bear!!
The polar bear is severely wounded.
The polar bear goes berserk!
You punch the polar bear!
The polar bear is almost dead.
The polar bear bites you. The polar bear claws you.
* * * LOW HITPOINT WARNING * * *
The polar bear claws you but does no damage.
Your unstable footing causes you to fumble your attack.
The polar bear bites you but does no damage.
The polar bear claws you but does no damage. x2
Your unstable footing causes you to fumble your attack.
The polar bear barely misses you.
The polar bear claws you but does no damage. x2
Your unstable footing causes you to fumble your attack.
The polar bear bites you!
* * * LOW HITPOINT WARNING * * *
The polar bear claws you.
* * * LOW HITPOINT WARNING * * *
The polar bear claws you.
* * * LOW HITPOINT WARNING * * *
You punch the polar bear!
The polar bear is almost dead.
The polar bear bites you!
You die...

.### +.### }▓!!![[[?!▓▓
...# ^..# #▓[(?[[$$$▓▓
##..## #..# #▓(!)=$??)▓▓
.##..# +..# #▓$?$(!$!$▓▓
..#..# #^.# #▓?[?!?)(?▓▓
##'..####..##.#▓$???[%($▓▓
..#....###^..##▓▓▓▓▓▓▓+▓▓▓▓
.##......~~~~cyh@~~†~~...X≈
##~~..§§.~#'########§###.≈≈
~~~~~~§§.~#..._._._#§§§#
~~~~~~~~.~#_._._._.#§~§≈#
~~≈≈≈~~~§~#._._._._#§§§~§#
~~~§≈≈≈~~~#_._._._.#~§§≈§§#
#~≈≈≈≈≈≈≈~#._._._..#§§§§~§+
##§§≈###≈≈#_._._...#~~~~≈~#
≈##≈≈# #≈≈#._._....#~


You could see a polar bear (berserk), a yaktaur and a hornet.

Vanquished Creatures
  A merfolk siren (D)
  4 neqoxecs (D)
  5 water moccasins (D)
  4 necrophages (D)
  3 worms (D)
17 creatures vanquished.

Vanquished Creatures (others)
  Menkaure (D)
  12 tentacles (D)
13 creatures vanquished.

Grand Total: 30 creatures vanquished

Notes
Turn   | Place    | Note
-------+----------+-------------------------------------------
     0 | D        | Midn8 the Gargoyle Monk began the quest for the Orb.
     0 | D        | Reached XP level 1. HP: 14/14 MP: 1/1
     1 | D        | Noticed a necrophage
     1 | D        | Noticed a necrophage
     1 | D        | Noticed a necrophage
     1 | D        | Noticed a necrophage
    10 | D        | Killed a necrophage
    11 | D        | Reached skill level 8 in Unarmed Combat
    11 | D        | Reached XP level 2. HP: 19/19 MP: 2/2
    11 | D        | Reached XP level 3. HP: 23/23 MP: 3/3
    11 | D        | Reached XP level 4. HP: 28/28 MP: 4/4
    13 | D        | Killed a necrophage
    14 | D        | Reached skill level 10 in Unarmed Combat
    14 | D        | Reached XP level 5. HP: 32/32 MP: 5/5
    18 | D        | Reached skill level 11 in Unarmed Combat
    21 | D        | Reached skill level 5 in Fighting
    21 | D        | Reached XP level 6. HP: 34/40 MP: 6/6
    49 | D        | Reached skill level 12 in Unarmed Combat
    63 | D        | Noticed a merfolk siren
    69 | D        | Killed a merfolk siren
    70 | D        | Reached skill level 13 in Unarmed Combat
    70 | D        | Reached XP level 7. HP: 51/51 MP: 7/7
    73 | D        | Noticed a neqoxec
    73 | D        | Noticed a neqoxec
    73 | D        | Noticed a neqoxec
    73 | D        | Noticed a neqoxec
    73 | D        | Gained mutation: Your mind is acute. (Int +4, Str/Dex -1)
                  | [a neqoxec]
    80 | D        | Killed a neqoxec
    81 | D        | Reached skill level 14 in Unarmed Combat
    81 | D        | Gained mutation: You are clumsy. (Dex -2) [a neqoxec]
    84 | D        | Killed a neqoxec
    85 | D        | Reached skill level 10 in Fighting
    85 | D        | Reached XP level 8. HP: 50/59 MP: 8/8
    97 | D        | Killed Menkaure
   103 | D        | Found Veafrobb's Antique Armour Emporium.
   103 | D        | Found Fehomue's Distillery.
   103 | D        | Found Xoatatap's General Store.
   103 | D        | Found Tanu's Antique Armour Shoppe.
   104 | D        | Found Caum's Antique Armour Shoppe.
   104 | D        | Found Gowoos's Jewellery Emporium.
   104 | D        | Found Fadeol Arhi's Weapon Shoppe.
   105 | D        | Found Voudghige's Weapon Emporium.
   105 | D        | Found Uniwkor's Jewellery Shoppe.
   105 | D        | Found Esittaot's Jewellery Shoppe.
   106 | D        | Found Doequicu's Distillery.
   106 | D        | Noticed a cane toad
   107 | D        | Found Pioss's Antique Weapon Shoppe.
   107 | D        | Found Oggiw's Magic Scroll Emporium.
   107 | D        | Noticed a cane toad
   107 | D        | Noticed an oklob plant
   107 | D        | Noticed a wyvern
   107 | D        | Noticed a wyvern
   108 | D        | Found Xatut's Book Shoppe.
   108 | D        | Found Reront's Book Shoppe.
   112 | D        | Bought a glowing chain mail for 210 gold pieces
   118 | D        | Reached skill level 15 in Unarmed Combat
   128 | D        | Noticed a manticore
   128 | D        | Noticed a manticore
   158 | D        | Found a glowing golden altar of the Shining One.
   158 | D        | Found an ornate altar of the Wu Jian Council.
   159 | D        | Found a shimmering altar of Xom.
   159 | D        | Found a sacrificial altar of Ru.
   159 | D        | Found a stormy altar of Qazlal.
   160 | D        | Found a basalt altar of Yredelemnul.
   160 | D        | Found a shimmering blue altar of Sif Muna.
   160 | D        | Found a viscous altar of Jiyva.
   161 | D        | Found a glowing silver altar of Zin.
   161 | D        | Found a bloodstained altar of Trog.
   161 | D        | Found an ancient bone altar of Kikubaaqudgha.
   162 | D        | Found a hide-covered altar of Uskayaw.
   162 | D        | Found a corrupted altar of Lugonu.
   162 | D        | Found a shadowy altar of Dithmenos.
   163 | D        | Found a radiant altar of Vehumet.
   163 | D        | Found a burning altar of Makhleb.
   163 | D        | Found a white marble altar of Elyvilon.
   164 | D        | Found a sparkling altar of Nemelex Xobeh.
   164 | D        | Found a blossoming altar of Fedhas.
   166 | D        | Found an iron altar of Okawaru.
   166 | D        | Found an opulent altar of Gozag.
   166 | D        | Found a hazy altar of Hepliaklqana.
   166 | D        | Found a snail-covered altar of Cheibriados.
   171 | D        | Noticed a flying skull
   171 | D        | Noticed a flying skull
   171 | D        | Noticed a flying skull
   172 | D        | Became a worshipper of Ru the Awakened
   185 | D        | Noticed a kraken
   188 | D        | Gained mutation: You cannot voluntarily change form. [Ru
                  | sacrifice]
   288 | D        | Noticed a polar bear
   291 | D        | Noticed a hornet
   296 | D        | Noticed a yaktaur
   307 | D        | Slain by a polar bear

Illustrated notes

Levels and vault maps discovered:
D:        the_violet_keep_of_menkaure [sprint2_stairs_cluster_1,
          sprint2_shoproom, sprint2_temple, sprint2_basic_supplies,
          sprint2_obstacle_5, sprint2_obstacle_1, sprint2_obstacle_4,
          sprint2_obstacle_2, sprint2_obstacle_7, sprint2_timed_cluster_1,
          sprint2_smallroom_cluster_1, sprint2_smallroom_final_cluster_1,
          sprint2_transparent_cluster_1, sprint2_second_timed_cluster_1,
          sprint2_sniper_area_1, sprint2_heavy_combat_area_1,
          sprint2_mutation_trap_area_1, sprint2_forest_area_1,
          sprint2_light_combat_area_1, sprint2_behind_water_1,
          sprint2_near_end_vault_1]

Skill      XL: |  1  2  3  4  5  6  7  8 |
---------------+-------------------------+-----
Unarmed Combat | 8 10 11 13 14 15 | 15.8
Fighting       | 5 9 10 12 | 12.8
Dodging        | |  2.4

Action                     |  1- 3 |  4- 6 |  7- 9 || total
---------------------------+-------+-------+-------++-------
  Melee: Unarmed           |     8 |    21 |    72 ||   101
 Invoke: Sacrifice Forms   |       |       |     1 ||     1
    Use: Potion            |     1 |       |     1 ||     2
 Armour: Robe              |     2 |     2 |     8 ||    12
         Chain mail        |       |       |    48 ||    48
  Dodge: Dodged            |     2 |     7 |    19 ||    28

Table legend: (Time is in decaauts)
 A = Elapsed time spent in this place.
 B = Non-inter-level travel time spent in this place.
 C = Inter-level travel time spent in this place.
 D = Time resting spent in this place.
 E = Time spent auto-exploring this place.
 F = Levels seen in this place.
 G = Mean time per level.
                   A        B        C        D        E       F      G
               +--------+--------+--------+--------+--------+-----+--------+
         Total |    295 |    295 |      0 |     80 |      0 |   1 |  295.0 |
       Dungeon |    295 |    295 |      0 |     80 |      0 |   1 |  295.0 |
               +--------+--------+--------+--------+--------+-----+--------+

Top non-repeatable levels by time:
       D: 295 daAuts
